 Dungeon Crawl Stone Soup version 0.30-a0-881-g1ff12e1e11 (webtiles) character file.

Game seed: 5482282388900967616

1717409 bakla the Portalist (level 27, 207/207 HPs)
             Began as an Octopode Hedge Wizard on Mar 14, 2023.
             Was an Initiate of Gozag.
             Escaped with the Orb
             ... and 3 runes on Mar 15, 2023!
             The game lasted 03:33:34 (66134 turns).

bakla the Portalist (Octopode Hedge Wizard)        Turns: 66134, Time: 03:33:34

Health: 207/207    AC: 23    Str: 10    XL:     27
Magic:  27/35      EV: 33    Int: 57    God:    Gozag
Gold:   15897      SH:  0    Dex: 12    Spells: 0/42 levels left

rFire   + + +      SeeInvis .    U - melded staff of air
rCold   . . .      Faith    +    (shield currently unavailable)
rNeg    . . .      Spirit   .    b - melded +1 hat {Will+}
rPois   ∞          Reflect  .    e - amulet "Ronudi Xumn" {Faith rF+++ Regen+ Int-5 Dex-3}
rElec   +          Rampage  .    O - +6 ring of intelligence
rCorr   .                        F - ring of willpower
Will    ++++.                    P - +6 ring of intelligence
Stlth   +                        n - ring of willpower
HPRegen 1.34/turn                N - +6 ring of intelligence
MPRegen 0.24/turn                w - +6 ring of intelligence
                                 H - +6 ring of intelligence
                                 Q - +6 ring of intelligence

@: storm-form, flying
A: cleaving, insubstantial, flying, almost no armour, amphibious, 8 rings,
(camouflage 1), (gelatinous body 1), (nimble swimmer 1), (tentacles), mutation
resistance 1
0: Orb of Zot
}: 3/15 runes: serpentine, barnacled, silver
a: Blinkbolt, End Transformation, Renounce Religion, Potion Petition, Call
Merchant, Bribe Branch


You escaped.
You worshipped Gozag.
Gozag was extremely pleased with you.
You were a lightning-filled tempest!
You visited 11 branches of the dungeon, and saw 51 of its levels.
You visited 1 bazaar.
You also visited: Trove, Ossuary, Ice Cave, Wizlab and Desolation.

You collected 31281 gold pieces.
You spent 7776 gold pieces at shops.
You paid 7608 gold pieces to Gozag.

Inventory:

Hand Weapons
 C - the +6 Majin-Bo {spellvamp, MP+6 Int+6}
   (You took it off Hellbinder in a wizard's laboratory)

   Int:       It affects your intelligence (+6).
   MP:        It affects your magic capacity (+6).
Missiles
 L - 6 curare-tipped darts
 Z - 2 throwing nets
Armour
 b - a +1 hat of willpower (melded)
Magical Staves
 U - a staff of air (melded)
Jewellery
 e - the amulet "Ronudi Xumn" (around neck) {Faith rF+++ Regen+ Int-5 Dex-3}
   (You bought it in a shop on level 3 of the Depths)

   [amulet of faith]

   It allows you to gain divine favour quickly.
   Int:       It affects your intelligence (-5).
   Dex:       It affects your dexterity (-3).
   rF:        It renders you almost immune to fire.
   Regen:     It increases your rate of health regeneration.
 h - a ring of protection from fire
 i - the ring "Muogue" {rElec rPois AC+4 Slay+2}
   (You found it on level 2 of the Dungeon)

   [ring of protection]

   AC:        It affects your AC (+4).
   Slay:      It affects your accuracy & damage with ranged weapons and melee
   (+2).
   rElec:     It insulates you from electricity.
   rPois:     It protects you from poison.
 n - a ring of willpower (on tentacle)
 w - a +6 ring of intelligence (on tentacle)
 B - a ring of resist corrosion
 F - a ring of willpower (right tentacle)
 H - a +6 ring of intelligence (on tentacle)
 N - a +6 ring of intelligence (on tentacle)
 O - a +6 ring of intelligence (left tentacle)
 P - a +6 ring of intelligence (on tentacle)
 Q - a +6 ring of intelligence (on tentacle)
 T - a ring of see invisible
Wands
 k - a wand of roots (11)
 y - a wand of light (12)
 z - a wand of digging (9)
Scrolls
 g - a scroll of silence
 o - 4 scrolls of amnesia
 p - 8 scrolls of enchant weapon
 r - 6 scrolls of noise
 u - 18 scrolls of vulnerability
 D - 6 scrolls of fog
 E - 13 scrolls of enchant armour
 G - 12 scrolls of fear
 I - 11 scrolls of poison
 K - 16 scrolls of teleportation
 M - 5 scrolls of summoning
 V - 5 scrolls of magic mapping
 Y - 7 scrolls of immolation
Potions
 a - 5 potions of flight
 c - 6 potions of magic
 d - 4 potions of brilliance
 f - 31 potions of curing
 j - 12 potions of heal wounds
 l - 4 potions of berserk rage
 m - 9 potions of resistance
 s - 6 potions of haste
 v - 3 potions of invisibility
 x - 5 potions of ambrosia
 A - 10 potions of lignification
 S - 9 potions of cancellation
 W - 7 potions of mutation
 X - 15 potions of might
Miscellaneous
 t - a tin of tremorstones (2/2)
 J - a box of beasts
 R - a phantom mirror


   Skills:
 - Level 22.0 Fighting
 - Level 19.0 Dodging
 - Level 2.6 Stealth
 - Level 22.0 Unarmed Combat
 - Level 8.0 Spellcasting
 - Level 1.0 Conjurations
 - Level 1.2 Hexes
 - Level 10.0 Summonings
 - Level 22.1 Translocations
 - Level 14.0 Transmutations
 - Level 4.0 Fire Magic
 + Level 16.4 Air Magic
 - Level 10.0 Evocations


You couldn't memorise any spells.
You knew the following spells:

 Your Spells              Type           Power      Damage    Failure   Level
a - Dispersal             Tloc           67%        N/A       0%          6
b - Irradiate             Conj/Tmut      41%        3d25      1%          5
c - Summon Mana Viper     Hex/Summ       72%        N/A       1%          5
d - Blink                 Tloc           100%       N/A       0%          2
e - Scorch                Fire           100%       2d10      1%          2
f - Summon Cactus Giant   Summ           47%        N/A       1%          6
g - Storm Form            Tmut/Air       57%        N/A       1%          7
h - Wereblood             Tmut           100%       N/A       0%          2
i - Malign Gateway        Summ/Tloc      58%        N/A       1%          7

Your spell library contained the following spells:

 Spells                   Type           Power      Damage    Failure   Level
 Apportation              Tloc           100%       N/A       0%          1
 Summon Small Mammal      Summ           100%       N/A       0%          1
 Call Imp                 Summ           95%        N/A       0%          2
 Lesser Beckoning         Tloc           100%       N/A       0%          2
 Gell's Gravitas          Tloc           100%       N/A       0%          3
 Teleport Other           Tloc           100%       N/A       0%          3
 Vhi's Electric Charge    Tloc/Air       100%       N/A       0%          3
 Airstrike                Air            59%        2d(9-25)  0%          4
 Manifold Assault         Tloc           100%       N/A       0%          4
 Foxfire                  Conj/Fire      100%       2x1d9     1%          1
 Kiss of Death            Conj/Necr      100%       2d13      1%          1
 Magic Dart               Conj           100%       1d8       1%          1
 Necrotise                Necr           88%        1d8       1%          1
 Sandblast                Erth           44%        2d11      1%          1
 Slow                     Hex            100%       N/A       1%          1
 Cigotuvi's Dreadful Rot  Necr/Pois/Air  100%       N/A       1%          2
 Passwall                 Tmut/Erth      66%        N/A       1%          2
 Poisonous Vapours        Pois/Air       100%       N/A       1%          2
 Static Discharge         Conj/Air       100%       2-7/arc   1%          2
 Sublimation of Blood     Necr           22%        N/A       1%          2
 Confusing Touch          Hex            36%        N/A       1%          3
 Dazzling Flash           Conj/Hex       70%        N/A       1%          3
 Hailstorm                Conj/Ice       28%        3d8       1%          3
 Ignite Poison            Fire/Tmut/Pois 74%        N/A       1%          3
 Inner Flame              Hex/Fire       51%        N/A       1%          3
 Mephitic Cloud           Conj/Pois/Air  73%        N/A       1%          3
 Ozocubu's Armour         Ice            22%        N/A       1%          3
 Stone Arrow              Conj/Erth      56%        3d10      1%          3
 Summon Guardian Golem    Hex/Summ       72%        N/A       1%          3
 Vampiric Draining        Necr           22%        2d7       1%          3
 Ice Form                 Ice/Tmut       80%        N/A       1%          4
 Petrify                  Tmut/Erth      80%        N/A       1%          4
 Summon Lightning Spire   Summ/Air       100%       N/A       1%          4
 Alistair's Intoxication  Tmut/Pois      53%        N/A       1%          5
 Arcjolt                  Conj/Air       44%        1d54      1%          5
 Blade Hands              Tmut           55%        N/A       1%          5
 Freezing Cloud           Conj/Ice/Air   36%        6-21      1%          5
 Lightning Bolt           Conj/Air       44%        1d64      1%          5
 Silence                  Hex/Air        44%        N/A       1%          5
 Summon Forest            Summ/Tloc      58%        N/A       1%          5
 Dragon Form              Tmut           55%        N/A       1%          7
 Flame Wave               Conj/Fire      50%        2d12      2%          4
 Sticky Flame             Conj/Fire      50%        2d7       2%          4
 Conjure Ball Lightning   Conj/Air       44%        3x3d15    3%          6
 Cause Fear               Hex            18%        N/A       4%          4
 Anguish                  Hex/Necr       14%        N/A       5%          4
 Maxwell's Capacitive Co  Air            59%        ∞         5%          8
 Eringya's Noxious Bog    Tmut/Pois      40%        N/A       6%          6
 Dispel Undead            Necr           22%        3d12      7%          4
 Fireball                 Conj/Fire      25%        3d11      7%          5
 Summon Hydra             Summ           47%        N/A       10%         7
 Iskenderun's Battlesphe  Conj           34%        2d9       12%         5
 Agony                    Necr           22%        N/A       19%         5
 Borgnjor's Vile Clutch   Necr/Erth      11%        N/A       19%         5
 Starburst                Conj/Fire      25%        6d8       36%         6
 Haunt                    Necr/Summ      34%        N/A       58%         7
 Summon Horrible Things   Summ           47%        N/A       58%         8
 Iron Shot                Conj/Erth      14%        9d4       63%         6
 Death Channel            Necr           11%        N/A       71%         6
 Necromutation            Tmut/Necr      40%        N/A       94%         8
 Enfeeble                 Hex            18%        N/A       98%         7
 Orb of Destruction       Conj           17%        9d7       98%         7
 Ozocubu's Refrigeration  Ice            11%        4d9       99%         7
 Borgnjor's Revivificati  Necr           11%        N/A       100%        8
 Discord                  Hex            18%        N/A       100%        8
 Ignition                 Fire           31%        3d10      100%        8
 Infestation              Necr           11%        N/A       100%        8
 Lehudib's Crystal Spear  Conj/Erth      14%        10d5      100%        8
 Chain Lightning          Conj/Air       44%        3d59      100%        9
 Death's Door             Necr           11%        N/A       100%        9
 Dragon's Call            Summ           47%        N/A       100%        9
 Fire Storm               Conj/Fire      25%        8d6       100%        9
 Polar Vortex             Ice            11%        N/A       100%        9
 Shatter                  Erth           11%        3d12*     100%        9
 Animate Armour           Summ/Erth      Unusable   N/A       N/A         4
 Animate Dead             Necr           Unusable   N/A       N/A         4
 Simulacrum               Ice/Necr       Unusable   N/A       N/A         6

Dungeon Overview and Level Annotations

Branches:
Dungeon (15/15)            Temple (1/1) D:5            Lair (5/5) D:9
 Shoals (4/4) Lair:3        Snake (4/4) Lair:3        Slime (0/5) Lair:4
    Orc (2/2) D:12            Elf (3/3) Orc:2        Vaults (5/5) D:13
  Crypt (3/3) Vaults:2       Tomb (0/3) Crypt:3      Depths (4/4) D:15
    Zot (5/5) Depths:4    Ossuary (visited)           IceCv (visited)
 WizLab (visited)         Desolation (visited)

Altars:
Ashenzari
Cheibriados
Dithmenos
Elyvilon
Fedhas
Gozag
Hepliaklqana
Kikubaaqudgha
Makhleb
Nemelex Xobeh
Okawaru
Qazlal
Ru
Sif Muna
Trog
Uskayaw
Vehumet
Wu Jian
Xom
Yredelemnul
Zin
The Shining One
Jiyva
Lugonu

Shops:
D:2 (   D:9 =   D:13 *   D:14 *   D:15 =[*=   Orc:2 ?*=(=(   Elf:1 !
Elf:2 =:?   Elf:3 (   Snake:1 ?   Snake:3 [   Vaults:5 ![   Depths:3 ==:
Depths:4 [***

Portals:
Hell: Depths:1 Depths:2 Depths:3 Depths:4
Abyss: Lair:5 Depths:1 Depths:3 Depths:4
Pandemonium: Depths:1 Depths:2
Ziggurat: Depths:1

Annotations:
D:15 Roxanne
Snake:4 Nikola
Elf:3 1 runed translucent door, Rudyous's ghost, adept GnAE
Depths:4 exclusion: ice statue


Innate Abilities, Weirdness & Mutations

You are a lightning-filled tempest!
Your electrical attacks strike out in all directions at once.
You are incredibly evasive.
Your insubstantial body is immune to petrification, constriction, and being set on fire You are flying.
You are immune to poison.
Your armour is entirely melded.
You are incapable of wielding weapons or throwing items.
You cannot wear most types of armour.
You are amphibious.
You can wear up to eight rings at the same time.
((Your skin changes colour to match your surroundings (Stealth+).))
((Your rubbery body absorbs attacks. (AC +1, EV +1)))
((You are camouflaged when in or above water. (Stealth+)))
((You have tentacles for arms and can constrict up to eight enemies at once.))
You are somewhat resistant to further mutation.


Message History

The balrug shouts!
The sun demon shouts!
The sun demon barely misses you.
You batter the sun demon!! You punch the sun demon!
The sun demon is severely wounded.
The sun demon completely misses you.
You blast the sun demon!!!
You kill the sun demon!
The balrug is distracted by your dazzling golden aura.
You see here 4 gold pieces.
The balrug shouts!
You blast the balrug!!!!
The balrug is no longer distracted by gold.
The balrug is almost dead.
You blast the balrug!!!
You kill the balrug!
You blast the sun demon!!!
Your punch misses the sun demon.
The sun demon is almost dead.
The sun demon completely misses you.
You blast the sun demon!!!
You kill the sun demon!
The sun demon completely misses you. x2
Things that are here:
23 gold pieces; a +2 antimagic demon whip You blast the sun demon!!!
You kill the sun demon!
You now have 15897 gold pieces (gained 8).
There is a stone staircase leading up here.
You fly upwards.
There is a stone staircase leading down here.
(D) Dungeon (T) Temple (L) Lair (A) Shoals (P) Snake Pit (M) Slime Pits (O) Orcish Mines (E) Elven Halls (V) Vaults (C) Crypt (W) Tomb (U) Depths (H) Hell (Z) Zot
Where to? (Enter - D:1 @ (x,y), ? - help)
There is a stone staircase leading up here.
You fly upwards.
There is a stone staircase leading down here.
There is an open door here.
There is a staircase leading out of the dungeon here.
You have escaped!

#.#......#..#.## #.# #.#.
#..#.###.#..#..# #.# #.#.
##.###.#.....##'#########.###.#.
#.## ##..#....#.#.............#.
#..###........#.#.#######.#####.
##.#.#.#.#.##.##.### #.######
#..........##.##.## #.....†.
#..##.##.######...###############
#..##.##..'.....v.....'..#
#........###.........###.#
#.###.....###.......## #.########
#.# ##....# ##.....## #.........
#.# #.....# ##...## ##.#######
#.# #.....# ##.## ##.####### #.#
#.....### ##### #......... #.#
#.##.##.###...# #..######. #.#
#.##.......#†#######.....# #.


There were no monsters in sight!

Vanquished Creatures
  A dread lich (Vaults:5)
  3 ancient liches
  6 orbs of fire
  A juggernaut (Zot:5)
  Sojobo (Crypt:3)
  Josephina (Zot:4)
  Bai Suzhen (Snake:3)
  Vashnia (Snake:3)
  4 caustic shrikes
  A curse toe (Zot:5)
  5 golden dragons
  Jory (Depths:4)
  A bone dragon (Depths:4)
  Hellbinder (WizLab)
  An electric golem (Zot:5)
  11 tentacled monstrosities
  An Ice Fiend (Zot:5)
  Rupert (D:14)
  8 Orb Guardians
  2 deep elf master archers (Elf:3)
  Asterion (Snake:1)
  2 liches
  A deep elf blademaster (Elf:3)
  Mlioglotl (Snake:3)
  4 quicksilver dragons
  An acid blob (shapeshifter) (Vaults:5)
  5 titans
  4 Executioners
  4 ancient champions
  Agnes (Snake:1)
  5 death cobs
  11 sphinxes
  Gastronok (Lair:2)
  10 storm dragons
  7 shadow dragons
  9 tengu reavers
  2 draconian monks
  4 nagarajas
  7 revenants
  3 draconian knights
  10 fire giants
  14 vault wardens
  3 deep elf sorcerers
  4 iron dragons
  11 frost giants
  2 draconian scorchers
  A ghost moth (Zot:4)
  An imperial myrmidon (Desolation)
  Aizul (Snake:1)
  A cacodemon (WizLab)
  2 balrugs
  6 ghouls
  A draconian shifter (Zot:5)
  3 draconian stormcallers
  Louise (D:14)
  2 deep elf elementalists (Elf:3)
  A reaper (Zot:3)
  A caustic shrike skeleton (Crypt:1)
  12 ironbound preservers
  An orc warlord (Vaults:4)
  3 angels
  7 ironbound thunderhulks
  25 very ugly things
  2 spriggan defenders
  13 stone giants
  4 war gargoyles
  8 vampire knights
  A demonspawn black sun (WizLab)
  4 green draconians
  5 black draconians
  6 purple draconians
  8 deep elf demonologists
  6 spark wasps
  Azrael (D:14)
  A minotaur (Shoals:4)
  4 halazid warlocks (Desolation)
  2 lorocyprocas
  7 yellow draconians
  9 deep elf annihilators
  A spark wasp (shapeshifter) (Depths:3)
  12 dire elephants
  6 red draconians
  A blizzard demon (WizLab)
  7 white draconians
  6 deep elf death magi
  10 ettins
  5 eidola
  A green death (WizLab)
  2 crystal guardians
  A mummy priest (Crypt:3)
  10 yaktaur captains
  3 merfolk impalers
  A merfolk javelineer (Depths:1)
  A spriggan zombie (Crypt:1)
  A hell beast (WizLab)
  20 jiangshi
  3 fire dragons
  3 great orbs of eyes
  10 ragged hierophants (Desolation)
  2 entropy weavers (Vaults:5)
  A deep elf high priest (Vaults:5)
  3 rakshasas
  A fenstrider witch zombie (Crypt:1)
  11 peacekeepers
  2 salamander tyrants (Snake:4)
  8 servants of whispers (Desolation)
  8 ice dragons
  7 spriggan air magi
  33 vault guards
  3 caustic shrike simulacra (IceCv)
  5 hydras
  17 centaur warriors
  6 ironbound frosthearts
  8 ogre magi
  2 catoblepae
  5 anacondas
  5 merfolk aquamancers
  13 two-headed ogres
  3 death knights
  2 boulder beetles
  14 dancing weapons
  4 merfolk avatars
  4 deep troll shamans
  17 satyrs (Shoals:4)
  4 tengu warriors
  A two-headed ogre (shapeshifter) (Vaults:5)
  2 death yaks
  Urug (Lair:4)
  16 naga warriors
  8 spriggan berserkers
  3 shock serpents
  12 vampire magi
  9 deep troll earth magi
  8 deep elf knights
  An orc high priest (Elf:2)
  13 naga sharpshooters
  4 spriggans
  3 hell knights (Depths:3)
  A soul eater (Crypt:2)
  2 sixfirhies
  A skyshark (shapeshifter) (Vaults:5)
  A storm dragon skeleton (Crypt:3)
  Amaemon (D:8)
  5 sun demons
  2 skysharks
  7 iron trolls
  5 shadow wraiths
  7 salamander mystics
  20 skeletal warriors
  5 flayed ghosts
  11 sea snakes
  32 deep trolls
  5 phantasmal warriors
  6 deep elf archers
  A shadow demon (WizLab)
  Pikel (D:5)
  4 bog bodies
  An obsidian statue (IceCv)
  3 naga ritualists
  A bunyip skeleton (Crypt:1)
  A glowing orange brain (Vaults:4)
  3 orc knights (Vaults:4)
  9 wizards
  A spriggan simulacrum (IceCv)
  12 ironbound convokers
  23 harpies
  7 necromancers
  15 lindwurms
  2 cyclopes
  A shadow dragon zombie (Crypt:2)
  11 salamanders
  20 deep elf pyromancers
  5 mana vipers
  48 ugly things
  14 fauns
  30 deep elf zephyrmancers
  A stone giant zombie (Crypt:1)
  A goliath frog skeleton (Crypt:2)
  5 elephants
  21 manticores
  19 moths of wrath
  An iron dragon skeleton (Crypt:2)
  6 guardian serpents
  Joseph (D:8)
  6 water nymphs
  5 merfolk sirens
  28 black mambas
  4 molten gargoyles (Desolation)
  A gargoyle (D:12)
  6 cane toads
  A water nymph (shapeshifter) (Depths:2)
  6 naga magi
  20 vault sentinels
  3 rust devils (WizLab)
  5 orange demons (WizLab)
  An alligator snapping turtle skeleton (Crypt:3)
  A smoke demon (Lair:5)
  A hellion (WizLab)
  2 rime drakes (D:14)
  An unseen horror (Depths:4)
  17 freezing wraiths
  An efreet (D:14)
  36 yaktaurs
  2 ice devils (WizLab)
  3 anaconda simulacra (IceCv)
  3 komodo dragons
  A queen bee (D:6)
  9 trolls
  14 guardian mummies (Crypt:3)
  25 merfolk
  5 red devils
  3 hellwings (WizLab)
  A golden dragon simulacrum (Zot:4)
  A grey draconian skeleton (Crypt:2)
  A meliai (shapeshifter) (Depths:2)
  3 meliai (D:14)
  A merfolk (shapeshifter) (Lair:5)
  A harpy zombie (Crypt:1)
  4 large abominations (Depths:4)
  5 hornets
  A harpy skeleton (Crypt:2)
  A wind drake (shapeshifter) (Depths:4)
  A wind drake (Shoals:3)
  62 saltlings (Desolation)
  3 blink frogs
  9 snapping turtles
  A draconian simulacrum (Zot:4)
  11 dream sheep
  31 slime creatures
  11 flying skulls (Crypt:3)
  A culicivora (shapeshifter) (D:15)
  A radroach zombie (Crypt:1)
  4 dire elephant simulacra (IceCv)
  20 water elementals
  8 air elementals
  A black mamba zombie (Crypt:1)
  3 wyverns
  A centaur simulacrum (D:14)
  A shadow (D:10)
  3 wraiths
  3 fire elementals
  2 ushabtiu (Crypt:3)
  A ynoxinul (WizLab)
  2 humans (D:13)
  4 neqoxecs
  13 yaks
  3 nameless horrors
  A wind drake skeleton (Crypt:1)
  7 basilisks
  A purple draconian simulacrum (Zot:4)
  A red draconian simulacrum (Zot:4)
  5 chaos spawn
  Eustachio (D:6)
  3 minotaur simulacra (IceCv)
  A steam dragon (D:8)
  Menkaure (D:4)
  A naga zombie (Crypt:1)
  A warg (Orc:1)
  3 harpy simulacra (IceCv)
  An acid dragon (D:11)
  45 nagas
  2 hell hounds (D:14)
  3 hydra simulacra (IceCv)
  4 water moccasins
  A glowing shapeshifter skeleton (Crypt:2)
  A swamp drake (shapeshifter) (Vaults:5)
  A demonspawn skeleton (Crypt:2)
  A moth of wrath simulacrum (Zot:4)
  5 alligator simulacra (IceCv)
  An ettin simulacrum (IceCv)
  A faun skeleton (Crypt:1)
  3 ice beasts
  Pargi (D:4)
  15 orc warriors
  A black bear (D:7)
  14 centaurs
  A wolf (Lair:1)
  3 boggarts (D:15)
  24 ogres
  A dream sheep skeleton (Crypt:3)
  2 lemures (D:5)
  A phantom (D:5)
  Blork the orc (D:6)
  2 kobold brigands
  An elf zombie (Crypt:3)
  6 bullfrogs
  5 earth elementals
  2 wyvern zombies
  4 necrophages
  2 scorpions
  A deep troll simulacrum (IceCv)
  A wyvern skeleton (Crypt:2)
  4 wights (D:8)
  9 small abominations
  5 killer bees
  2 lindwurm simulacra (IceCv)
  2 electric eels (Lair:3)
  2 centaur zombies (Ossuary)
  5 howler monkeys
  A quasit (D:4)
  A centaur skeleton (Crypt:3)
  A gnoll bouda (D:9)
  2 jellies
  Crazy Yiuf (D:7)
  18 orc priests
  2 hounds
  2 hell rats (D:14)
  3 iguanas
  5 sleepcaps
  12 orc wizards
  An ogre zombie (Crypt:2)
  3 hound zombies (Ossuary)
  4 mummies
  Robin (D:4)
  3 gnolls (D:6)
  9 adders
  A swamp drake skeleton (Crypt:1)
  2 shadow imps (D:5)
  A white imp (D:5)
  2 ufetubi
  5 adder zombies (Ossuary)
  A worm (D:2)
  A dart slug (D:2)
  34 orcs
  7 ball pythons
  A bat zombie (Crypt:1)
  4 endoplasms
  5 giant cockroaches
  8 goblins
  6 hobgoblins
  5 jackals (D:1)
  8 quokkas
  A river rat zombie (Crypt:1)
  4 bats
  2 frilled lizards
  A frilled lizard skeleton (Crypt:3)
  A gnoll zombie (Ossuary)
  A goblin zombie (Ossuary)
  4 hobgoblin zombies
  6 jackal zombies (Ossuary)
  21 kobolds
  A kobold skeleton (Crypt:3)
  4 kobold zombies (Ossuary)
  3 orc zombies (Ossuary)
  2 quokka zombies (Ossuary)
  8 rats (D:1)
  A rat zombie (Ossuary)
1942 creatures vanquished.

Vanquished Creatures (collateral kills)
  A dread lich (Zot:5)
  An ancient lich (Zot:5)
  A royal mummy (Crypt:3)
  4 golden dragons
  A tentacled monstrosity (Zot:5)
  10 Orb Guardians (Zot:5)
  A quicksilver dragon (Zot:5)
  A sphinx (Crypt:3)
  A death cob (Zot:5)
  A shadow dragon (Zot:5)
  A storm dragon (Zot:5)
  A draconian monk (Zot:4)
  2 ghost moths
  4 draconian shifters
  A curse skull (Crypt:1)
  3 draconian scorchers (Zot:1)
  3 draconian annihilators (Zot:5)
  A stone giant (Depths:4)
  A green draconian (Zot:5)
  2 red draconians
  4 white draconians
  A yellow draconian (Zot:5)
  A fire dragon (Lair:2)
  2 mummy priests (Crypt:3)
  A hydra (Lair:3)
  Erica (Lair:2)
  A centaur warrior (D:15)
  2 two-headed ogres
  A boulder beetle (Lair:4)
  14 death yaks
  2 thrashing horrors (Lair:5)
  A tengu warrior (D:15)
  A skyshark (Lair:3)
  5 skeletal warriors (D:13)
  A shadow wraith (Crypt:3)
  A deep troll (Lair:4)
  A salamander (Snake:1)
  5 ugly things
  2 cyclopes
  2 manticores
  5 moths of wrath
  A guardian serpent (Snake:1)
  13 elephants
  5 black mambas
  A gargoyle (D:11)
  7 cane toads
  A naga mage (Snake:1)
  An orange demon (D:8)
  6 rime drakes
  A kobold demonologist (D:9)
  Maggie (D:6)
  10 komodo dragons
  A tengu conjurer (D:15)
  An ice devil (IceCv)
  A yaktaur (shapeshifter) (D:15)
  6 guardian mummies (Crypt:3)
  An ancient zyme (Lair:5)
  5 polar bears
  3 meliai (D:15)
  A hornet (D:6)
  A blink frog (shapeshifter) (Lair:5)
  A hornet (shapeshifter) (Lair:5)
  12 blink frogs
  A snapping turtle (Shoals:2)
  7 dream sheep
  A centaur simulacrum (D:12)
  3 slime creatures
  4 wraiths
  A spriggan (Lair:5)
  The ghost of kenny the Magician, an amateur DECj (D:6)
  A flying skull (Crypt:3)
  A ynoxinul (Lair:5)
  A fire elemental (D:14)
  5 wyverns
  2 ushabtiu (Crypt:3)
  45 yaks
  5 humans (D:13)
  2 humans (shapeshifter)
  3 large abominations (Lair:5)
  5 basilisks
  An acid dragon (D:13)
  3 nagas
  10 water moccasins
  5 hell hounds (D:14)
  A nameless horror (Lair:1)
  10 orc warriors (D:11)
  An ogre (D:11)
  9 wolves
  A centaur (D:12)
  A kobold brigand (D:7)
  8 small abominations (Lair:5)
  2 bullfrogs (Lair:3)
  A wight (D:8)
  6 killer bees
  A howler monkey (D:8)
  3 jellies
  2 orc priests
  Terence (D:3)
  4 hell rats (D:14)
  2 orc wizards
  6 mummies (Crypt:3)
  An adder (D:4)
  An adder zombie (Ossuary)
  A worm (D:2)
  A dart slug (D:3)
  12 orcs
  An endoplasm (D:4)
  A goblin (D:4)
  A hobgoblin (D:3)
  3 kobolds
  A goblin zombie (Ossuary)
  A jackal zombie (Ossuary)
  A kobold zombie (Ossuary)
366 creatures vanquished.

Vanquished Creatures (others)
  2 dread liches
  An ancient lich (Zot:5)
  A Killer Klown (Zot:5)
  An electric golem (Zot:5)
  6 Orb Guardians (Zot:5)
  A deep elf blademaster (Elf:3)
  17 eldritch tentacles
  A death cob (Zot:5)
  3 draconian monks (Zot:5)
  A draconian scorcher (Zot:5)
  A draconian shifter (Zot:5)
  A draconian stormcaller (Zot:5)
  A yellow draconian (Zot:5)
  A green draconian (Zot:5)
  A purple draconian (Zot:5)
  A red draconian (Depths:4)
  A salamander tyrant (Snake:4)
  A deep elf zephyrmancer (Elf:2)
  A yak (D:10)
  A human (D:13)
  49 fungi
  90 plants
183 creatures vanquished.

Grand Total: 2491 creatures vanquished

Notes
Turn   | Place    | Note
-------+----------+-------------------------------------------
     0 | D:1      | bakla the Octopode Hedge Wizard began the quest for the
                  | Orb.
     0 | D:1      | Reached XP level 1. HP: 11/11 MP: 4/4
   208 | D:1      | Reached XP level 2. HP: 18/18 MP: 0/6
   498 | D:1      | Found a faded altar of an unknown god.
   622 | D:1      | Reached skill level 1 in Fighting
   803 | D:1      | Learned a level 1 spell: Slow
   806 | D:1      | Learned a level 2 spell: Call Imp
   877 | D:1      | Reached XP level 3. HP: 21/23 MP: 5/7
  1820 | D:2      | Identified the ring "Muogue" {rElec rPois AC+4 Slay+2}
  1835 | D:2      | Reached skill level 1 in Hexes
  1967 | D:2      | Found Hoqampen's Weapon Shoppe.
  2063 | D:2      | Reached XP level 4. HP: 28/28 MP: 4/8
  2643 | D:3      | Found a stormy altar of Qazlal.
  3032 | D:3      | Noticed Terence
  3045 | D:3      | Killed Terence
  3046 | D:3      | Reached XP level 5. HP: 34/34 MP: 10/10
  3500 | D:4      | Noticed an ogre
  3512 | D:4      | Noticed Menkaure
  3623 | D:4      | Noticed Robin
  3638 | D:4      | Killed Robin
  4244 | D:4      | Learned a level 2 spell: Blink
  4342 | D:4      | Killed an ogre
  4343 | D:4      | Reached XP level 6. HP: 41/41 MP: 7/11
  4805 | D:5      | Entered Level 5 of the Dungeon
  4849 | D:5      | Learned a level 2 spell: Scorch
  4884 | D:5      | Found a staircase to the Ecumenical Temple.
  4893 | Temple   | Entered the Ecumenical Temple
  4904 | Temple   | Became a worshipper of Gozag Ym Sagoz the Greedy
  5144 | D:4      | Reached skill level 1 in Fire Magic
  5240 | D:4      | Reached XP level 7. HP: 34/46 MP: 13/13
  5917 | D:4      | Noticed Pargi
  5924 | D:4      | Killed Pargi
  6024 | D:4      | Found a radiant altar of Vehumet.
  6101 | D:4      | Killed Menkaure
  6583 | D:4      | Reached XP level 8. HP: 54/54 MP: 11/14
  6799 | D:5      | Reached skill level 5 in Dodging
  6870 | D:5      | Noticed Pikel
  6987 | D:5      | Killed Pikel
  6988 | D:5      | Reached skill level 5 in Fighting
  7553 | D:6      | Noticed Eustachio
  7675 | D:6      | Found a transporter.
  7680 | D:6      | Found a transporter.
  7680 | D:6      | Noticed kenny's ghost (amateur DECj)
  7682 | D:6      | Noticed a queen bee
  7720 | D:6      | Reached XP level 9. HP: 62/62 MP: 11/15
  7753 | D:6      | Noticed a hornet
  7920 | D:6      | Noticed Blork the orc
  7929 | D:6      | Killed Blork the orc
  7930 | D:6      | Reached skill level 5 in Summonings
  8137 | D:6      | Noticed Maggie
  8158 | D:6      | Paralysed by Eustachio for 4 turns
  8166 | D:6      | Killed Eustachio
  8247 | D:6      | Killed Maggie
  8493 | D:7      | Found a sand-covered staircase.
  8511 | Ossuary  | Entered an ossuary
  9125 | D:7      | Found a runed translucent door.
  9126 | D:7      | Noticed Crazy Yiuf
  9152 | D:7      | Learned a level 6 spell: Summon Cactus Giant
  9192 | D:7      | Found an ancient bone altar of Kikubaaqudgha.
  9196 | D:7      | Found a basalt altar of Yredelemnul.
  9200 | D:7      | Found a sparkling altar of Nemelex Xobeh.
  9441 | D:7      | Reached XP level 10. HP: 69/72 MP: 2/16
  9584 | D:7      | Identified the +3 long sword of Integrity {protect,
                  | *Corrode Will+ SInv}
 10092 | D:8      | Noticed Amaemon
 10278 | D:8      | Noticed an orange demon
 10288 | D:8      | Killed an orange demon
 10289 | D:8      | Killed Amaemon
 10345 | D:8      | Noticed Joseph
 10363 | D:8      | Killed Joseph
 11592 | D:9      | Noticed a kobold demonologist
 11667 | D:9      | Reached XP level 11. HP: 80/80 MP: 11/17
 12046 | D:9      | Found Mejeot's Jewellery Shoppe.
 12049 | D:9      | Bought a +6 ring of intelligence for 360 gold pieces
 12050 | D:9      | Bought a ring of wizardry for 300 gold pieces
 12050 | D:9      | Bought a +5 ring of evasion for 360 gold pieces
 12062 | D:9      | Found a staircase to the Lair.
 12338 | D:10     | Entered Level 10 of the Dungeon
 12697 | D:10     | Noticed a two-headed ogre
 12707 | D:10     | Killed a two-headed ogre
 12852 | D:10     | Reached skill level 5 in Spellcasting
 12880 | D:10     | Noticed a deep troll
 12895 | D:10     | Killed a deep troll
 12896 | D:10     | Reached skill level 10 in Fighting
 12896 | D:10     | Reached skill level 10 in Dodging
 13518 | Lair:1   | Entered Level 1 of the Lair of Beasts
 13576 | Lair:1   | Reached skill level 1 in Transmutations
 13576 | Lair:1   | Reached skill level 1 in Air Magic
 13732 | Lair:1   | Reached skill level 10 in Summonings
 13777 | Lair:1   | Reached XP level 12. HP: 87/87 MP: 15/21
 14518 | Lair:2   | Noticed Gastronok
 14535 | Lair:2   | Killed Gastronok
 14687 | Lair:2   | Noticed Erica
 14695 | Lair:2   | Killed Erica
 14967 | Lair:2   | Reached skill level 5 in Transmutations
 14967 | Lair:2   | Reached skill level 5 in Air Magic
 15180 | Lair:2   | Noticed a fire dragon
 15223 | Lair:2   | Killed a fire dragon
 15376 | Lair:2   | Reached XP level 13. HP: 92/92 MP: 21/25
 15727 | Lair:3   | Learned a level 7 spell: Storm Form
 16015 | Lair:3   | Found a staircase to the Snake Pit.
 16228 | Lair:3   | Found a staircase to the Shoals.
 16376 | Lair:3   | Reached skill level 10 in Transmutations
 16379 | Lair:3   | Reached skill level 10 in Air Magic
 16560 | Lair:3   | Reached XP level 14. HP: 99/99 MP: 19/26
 16721 | Lair:3   | Identified the +12 hand axe of Hairy Blind Justice {heavy,
                  | rElec SInv}
 17066 | Lair:4   | Found a viscous altar of Jiyva.
 17068 | Lair:4   | Found a staircase to the Slime Pits.
 17217 | Lair:4   | Noticed Urug
 17522 | Lair:4   | Killed Urug
 18386 | Lair:5   | Entered Level 5 of the Lair of Beasts
 18662 | Lair:5   | Identified a scroll of acquirement
 19411 | Lair:5   | Acquired 826 gold pieces
 20160 | Lair:5   | Reached XP level 15. HP: 103/103 MP: 19/27
 20378 | Lair:5   | Found a corrupted altar of Lugonu.
 20378 | Lair:5   | Found a one-way gate to the infinite horrors of the Abyss.
 20781 | D:11     | Found a portal to a secret trove of treasure.
 20789 | D:11     | Identified the +1 robe "Anuut" {rPois rN+}
 21306 | D:6      | Killed kenny's ghost
 21477 | D:7      | Killed Crazy Yiuf
 22397 | D:12     | Found a staircase to the Orcish Mines.
 23413 | D:13     | Found Jinotrae's Elemental Accessories.
 23423 | D:13     | Bought a staff of air for 475 gold pieces
 23813 | D:13     | Found a gate to the Vaults.
 24189 | D:14     | Noticed Azrael
 24570 | D:14     | Killed Azrael
 24676 | D:14     | Noticed Louise
 24688 | D:14     | Killed Louise
 24969 | D:14     | Reached XP level 16. HP: 112/112 MP: 22/28
 24994 | D:14     | Found Ewoung's Assorted Antiques.
 24999 | D:14     | Bought a scroll of teleportation for 96 gold pieces
 25012 | D:14     | Reached skill level 1 in Unarmed Combat
 25033 | D:14     | Noticed Rupert
 25040 | D:14     | Killed Rupert
 25482 | D:15     | Entered Level 15 of the Dungeon
 25484 | D:15     | Noticed Roxanne
 25657 | D:15     | Found Veduekk's Armour Boutique.
 26031 | D:15     | Found an ornate altar of the Wu Jian Council.
 26237 | D:15     | Acquired the Quarto of Shapeshifting
 26242 | D:15     | Learned a level 2 spell: Wereblood
 26320 | D:15     | Found Hefropn's Jewellery Emporium.
 26328 | D:15     | Bought a +6 ring of intelligence for 468 gold pieces
 26328 | D:15     | Bought an amulet of regeneration for 390 gold pieces
 26328 | D:15     | Bought a ring of willpower for 325 gold pieces
 26629 | D:15     | Found a staircase to the Depths.
 26685 | D:15     | Found Qeata's Jewellery Emporium.
 26693 | D:15     | Bought a +6 ring of intelligence for 468 gold pieces
 26693 | D:15     | Bought a +6 ring of intelligence for 468 gold pieces
 26693 | D:15     | Bought a ring of willpower for 325 gold pieces
 27008 | D:15     | Found Lymoa's General Store.
 27019 | D:15     | Bought a scroll of magic mapping for 112 gold pieces
 27329 | Snake:1  | Entered Level 1 of the Snake Pit
 27441 | Snake:1  | Noticed Asterion
 27465 | Snake:1  | Killed Asterion
 27488 | Snake:1  | Noticed Agnes
 27496 | Snake:1  | Killed Agnes
 27497 | Snake:1  | Reached skill level 5 in Unarmed Combat
 28055 | Snake:1  | Found the ring of the Tortoise {AC+8}
 28305 | Snake:1  | Found Etoaday's Magic Scroll Emporium.
 28307 | Snake:1  | Noticed Aizul
 28322 | Snake:1  | Killed Aizul
 28814 | Snake:2  | Noticed a nagaraja
 28821 | Snake:2  | Killed a nagaraja
 29159 | Snake:2  | Noticed a nagaraja
 29167 | Snake:2  | Killed a nagaraja
 29322 | Snake:2  | Reached XP level 17. HP: 122/122 MP: 29/29
 29584 | Snake:3  | Noticed Vashnia
 29809 | Snake:3  | Killed Vashnia
 30037 | Snake:3  | Noticed Bai Suzhen
 30055 | Snake:3  | Killed Bai Suzhen
 30352 | Snake:3  | Found Waosiskoeg's Antique Armour Shoppe.
 30355 | Snake:3  | Noticed Mlioglotl
 30367 | Snake:3  | Killed Mlioglotl
 30623 | Snake:4  | Entered Level 4 of the Snake Pit
 31088 | Snake:4  | Got a serpentine rune of Zot
 31242 | Snake:4  | Reached XP level 18. HP: 132/132 MP: 30/30
 31260 | Snake:4  | Noticed Nikola
 31578 | Orc:1    | Entered Level 1 of the Orcish Mines
 31857 | Orc:2    | Entered Level 2 of the Orcish Mines
 31961 | Orc:2    | Reached skill level 10 in Unarmed Combat
 32064 | Orc:2    | Found Nedetoeq's Magic Scroll Boutique.
 32064 | Orc:2    | Found Sahaicece's General Store.
 32065 | Orc:2    | Found Xodoc's Jewellery Emporium.
 32065 | Orc:2    | Found Nauhiow's Antique Weapon Shop.
 32105 | Orc:2    | Bought a scroll of teleportation for 42 gold pieces
 32105 | Orc:2    | Bought a scroll of teleportation for 42 gold pieces
 32105 | Orc:2    | Bought a scroll of teleportation for 42 gold pieces
 32197 | D:11     | You paid a toll of 12 scrolls of teleportation to enter a
                  | treasure trove
 32198 | Trove    | Entered a treasure trove
 32211 | Trove    | Identified the +2 buckler "Tituss" {Rampage *Corrode rPois
                  | Str+6}
 32213 | Trove    | Identified the +0 ring mail of Privacy {Str+3 SInv}
 32235 | Trove    | Reached skill level 15 in Fighting
 32235 | Trove    | Reached skill level 15 in Dodging
 32235 | Trove    | Reached XP level 19. HP: 139/139 MP: 31/31
 32246 | Trove    | Identified the ring "Efytz" {*Slow rPois Will++ AC+4 Int+2}
 32475 | Orc:2    | Found Gueref's Jewellery Shoppe.
 32635 | Orc:2    | Found a staircase to the Elven Halls.
 32659 | Orc:2    | Found Dokyvoiv's Antique Weapon Shoppe.
 32888 | Elf:1    | Entered Level 1 of the Elven Halls
 33500 | Elf:1    | Found Loaf Upnesch's Distillery.
 33558 | Elf:1    | Bought a potion of mutation for 80 gold pieces
 33558 | Elf:1    | Bought a potion of heal wounds for 50 gold pieces
 33558 | Elf:1    | Bought a potion of invisibility for 80 gold pieces
 33558 | Elf:1    | Bought a potion of mutation for 80 gold pieces
 33558 | Elf:1    | Bought a potion of ambrosia for 80 gold pieces
 33558 | Elf:1    | Bought a potion of ambrosia for 80 gold pieces
 34012 | Elf:2    | Identified the amulet "Vimic" {Spirit Harm Rampage *Corrode
                  | +Inv Dex+3}
 34328 | Elf:2    | Found Lexzoeba's Magic Scroll Shoppe.
 34331 | Elf:2    | Found Noraimau's Book Emporium.
 34333 | Elf:2    | Found Wydirch's Jewellery Shoppe.
 34370 | Elf:2    | Bought a scroll of teleportation for 48 gold pieces
 34671 | Elf:3    | Entered Level 3 of the Elven Halls
 34673 | Elf:3    | Found Osaynk's Weapon Shop.
 35720 | Elf:3    | Reached XP level 20. HP: 148/148 MP: 32/32
 35976 | Elf:3    | Identified the ring of the King {Ice Int+3}
 36098 | Elf:3    | Identified the +6 war axe "Becinus" {freeze, Dex+6}
 36379 | Elf:3    | Identified the +5 quarterstaff of Iconoclasm {freeze,
                  | Fragile rPois rCorr Dex+4}
 36741 | Elf:3    | Found a runed translucent door.
 36744 | Elf:3    | Noticed Rudyous's ghost (adept GnAE)
 37183 | Shoals:1 | Entered Level 1 of the Shoals
 38043 | Shoals:1 | Acquired 1157 gold pieces
 38085 | Shoals:2 | Found a frozen archway.
 38102 | IceCv    | Entered an ice cave
 38367 | IceCv    | Found an ancient bone altar of Kikubaaqudgha.
 40311 | Shoals:4 | Entered Level 4 of the Shoals
 40582 | Shoals:4 | Reached XP level 21. HP: 157/157 MP: 29/33
 40740 | Shoals:4 | Identified the +6 arbalest of Xuywompeb {speed, rPois rF+
                  | Will+ SInv}
 41027 | Shoals:4 | Got a barnacled rune of Zot
 41597 | Vaults:1 | Entered Level 1 of the Vaults
 43152 | Vaults:2 | Reached skill level 15 in Unarmed Combat
 43207 | Vaults:2 | Found a glowing silver altar of Zin.
 43209 | Vaults:2 | Found a glowing golden altar of the Shining One.
 43211 | Vaults:2 | Found a white marble altar of Elyvilon.
 43223 | Vaults:2 | Found a crumbling gateway.
 43256 | Desolati | Entered the Desolation of Salt
 43444 | Desolati | Got Wemnet's Octavo of the Storm
 43564 | Desolati | Identified the +8 arbalest "Qeuc" {flame, Fragile rF+
                  | Str+4}
 43777 | Desolati | Reached XP level 22. HP: 167/167 MP: 30/34
 43908 | Desolati | Identified the +6 halberd of bakla's Extermination {flame,
                  | rElec SInv}
 44382 | Vaults:2 | You are sucked into a shaft and drop 1 floor!
 46348 | Vaults:2 | Found a staircase to the Crypt.
 46930 | Vaults:4 | Found a magical portal.
 46939 | WizLab   | Entered The Hall of the Hellbinder
 47061 | WizLab   | Reached XP level 23. HP: 174/174 MP: 35/35
 47274 | WizLab   | Found a burning altar of Makhleb.
 47295 | WizLab   | Noticed Varur
 47299 | WizLab   | Killed Varur the Hellbinder
 47310 | WizLab   | Identified the ring "Zontak" {Fire rPois Stlth+}
 47312 | WizLab   | Identified the ring "Opudurch" {Str+5 Dex+6}
 47315 | WizLab   | Got Ystruh Qyamm's Atlas of Convocation
 47336 | WizLab   | Got Incantation of the Archmaster
 47338 | WizLab   | Identified the ring "Hidwem" {rC- rN+ Int+6 Dex+3}
 47339 | WizLab   | Identified the +2 cloak "Arphit" {Str+4}
 47342 | WizLab   | Identified the ring of Sepumaet {rPois AC+4 Int+2}
 48714 | Vaults:5 | Entered Level 5 of the Vaults
 48714 | Vaults:5 | Noticed an ancient lich
 48720 | Vaults:5 | Killed an ancient lich
 48813 | Vaults:5 | Noticed a dread lich
 48836 | Vaults:5 | Killed a dread lich
 48837 | Vaults:5 | Reached XP level 24. HP: 137/187 MP: 35/35
 49109 | Vaults:5 | Noticed a dread lich
 49115 | Vaults:5 | Killed a dread lich
 49380 | Vaults:5 | Noticed an ancient lich
 49390 | Vaults:5 | Killed an ancient lich
 49627 | Vaults:5 | Found Ziahau's Distillery.
 49633 | Vaults:5 | Bought a potion of might for 72 gold pieces
 49633 | Vaults:5 | Bought a potion of might for 72 gold pieces
 49633 | Vaults:5 | Bought a potion of might for 72 gold pieces
 49633 | Vaults:5 | Bought a potion of heal wounds for 90 gold pieces
 49643 | Vaults:5 | Identified the +9 shortbow of Acuzeb Kuipt {flame, rF-
                  | rCorr Str+2 Stlth+}
 49696 | Vaults:5 | Found Yxaazeh's Antique Armour Shoppe.
 50156 | Vaults:5 | Identified the ring of the Leaf {rC+ rN+ EV+5 Str+8 Dex-5}
 50341 | Vaults:5 | Got a silver rune of Zot
 50560 | Depths:1 | Entered Level 1 of the Depths
 50560 | Depths:1 | Found a gateway to Hell.
 50852 | Depths:1 | Found a one-way gate leading to the halls of Pandemonium.
 50977 | Depths:1 | Found a one-way gateway to a ziggurat.
 51253 | Depths:2 | Reached skill level 5 in Translocations
 51567 | Depths:2 | Reached XP level 25. HP: 187/195 MP: 33/35
 52042 | Depths:2 | Reached skill level 10 in Translocations
 52074 | Depths:2 | Learned a level 7 spell: Malign Gateway
 52471 | Depths:3 | Found a gateway to a bazaar.
 52483 | Bazaar   | Entered a bazaar
 52496 | Bazaar   | Found Torioph's Antique Weapon Emporium.
 52508 | Bazaar   | Found Lusinud's Antique Weapon Shoppe.
 52523 | Bazaar   | Found Rooxamoh's Antique Armour Shoppe.
 52535 | Bazaar   | Found Gogguthre's Antique Armour Emporium.
 53236 | Depths:3 | Learned a level 6 spell: Dispersal
 53242 | Depths:3 | Learned a level 5 spell: Irradiate
 53374 | Depths:3 | Found Huef's Book Shop.
 53374 | Depths:3 | Found Xyhuses's Jewellery Shoppe.
 53375 | Depths:3 | Found Iloja's Jewellery Shoppe.
 53381 | Depths:3 | Bought a +6 ring of intelligence for 468 gold pieces
 53381 | Depths:3 | Bought a +6 ring of intelligence for 468 gold pieces
 53385 | Depths:3 | Bought the amulet "Ronudi Xumn" {Faith rF+++ Regen+ Int-5
                  | Dex-3} for 1238 gold pieces
 53717 | Depths:4 | Entered Level 4 of the Depths
 53717 | Depths:4 | Found Fuyczid's General Store.
 53826 | Depths:4 | Found Agugesk's Antique Armour Emporium.
 53844 | Depths:4 | Found Mis Xioth's Assorted Antiques.
 53895 | Depths:4 | Bought a scroll of summoning for 389 gold pieces
 54052 | Depths:4 | Found Urghuet's Changing Room.
 54056 | Depths:4 | Noticed Jory
 54115 | Depths:4 | Killed Jory
 54221 | Depths:4 | Found a gate to the Realm of Zot.
 54745 | Depths:4 | Reached skill level 15 in Translocations
 54926 | Depths:4 | Bought a potion of mutation for 136 gold pieces
 55166 | Zot:1    | Entered Level 1 of the Realm of Zot
 55908 | Zot:1    | Identified the +3 short sword of Ru's Envy {drain, Fly rN+
                  | Str-5}
 56083 | Zot:2    | Reached XP level 26. HP: 196/201 MP: 30/35
 56832 | Zot:2    | Noticed an orb of fire
 56832 | Zot:2    | Gained mutation: You occasionally lose the ability to read
                  | scrolls when taking damage. [an orb of fire]
 56835 | Zot:2    | Gained mutation: Your magical capacity is low. (-10% MP)
                  | [an orb of fire]
 56836 | Zot:2    | Gained mutation: You are clumsy. (Dex -2) [an orb of fire]
 56849 | Zot:2    | Killed an orb of fire
 57041 | Zot:2    | Lost mutation: You are clumsy. (Dex -2) [potion of
                  | mutation]
 57041 | Zot:2    | Lost mutation: You occasionally lose the ability to read
                  | scrolls when taking damage. [potion of mutation]
 57041 | Zot:2    | Lost mutation: Your magical capacity is low. (-10% MP)
                  | [potion of mutation]
 57041 | Zot:2    | Gained mutation: You are partially covered in large bone
                  | plates. (SH +4) [potion of mutation]
 57041 | Zot:2    | Gained mutation: Your mind is acute. (Int +4, Str/Dex -1)
                  | [potion of mutation]
 57483 | Zot:3    | Gained mutation: You occasionally lose the ability to drink
                  | potions when taking damage. [mutagenic glow]
 58063 | Zot:4    | Identified the ring "Upicuc" {Ice rElec Dex+3}
 58063 | Zot:4    | Noticed Josephina
 58069 | Zot:4    | Killed Josephina
 60073 | Crypt:1  | Entered Level 1 of the Crypt
 61980 | Crypt:2  | Identified the +0 helmet "Musuhev" {Str+3 Stlth+}
 62409 | Crypt:3  | Entered Level 3 of the Crypt
 62420 | Crypt:3  | Reached XP level 27. HP: 198/207 MP: 35/35
 62736 | Crypt:3  | Lost mutation: You are partially covered in large bone
                  | plates. (SH +4) [potion of mutation]
 62736 | Crypt:3  | Lost mutation: Your mind is acute. (Int +4, Str/Dex -1)
                  | [potion of mutation]
 62736 | Crypt:3  | Lost mutation: You occasionally lose the ability to drink
                  | potions when taking damage. [potion of mutation]
 62736 | Crypt:3  | Gained mutation: You passively dampen the noise of your
                  | surroundings. [potion of mutation]
 62736 | Crypt:3  | Gained mutation: Your mind is acute. (Int +4, Str/Dex -1)
                  | [potion of mutation]
 62736 | Crypt:3  | Gained mutation: You have supernaturally acute eyesight.
                  | (SInv) [potion of mutation]
 62768 | Crypt:3  | Found a staircase to the Tomb.
 62865 | Crypt:3  | Noticed an ancient lich
 62873 | Crypt:3  | Killed an ancient lich
 62950 | Crypt:3  | Noticed Sojobo
 62958 | Crypt:3  | Killed Sojobo
 63107 | Crypt:3  | Identified the +12 quarterstaff of Wariness {flame, *Slow
                  | rPois rC++ rN+++}
 63136 | Crypt:3  | Learned a level 5 spell: Summon Mana Viper
 63798 | Crypt:3  | Found an ancient bone altar of Kikubaaqudgha.
 63910 | Crypt:3  | Identified the +5 scale mail of Absolutism {+Inv Will++}
 63911 | Crypt:3  | Noticed a royal mummy
 63918 | Crypt:3  | Killed a royal mummy
 63919 | Crypt:3  | Reached skill level 1 in Evocations
 64606 | Zot:5    | Entered Level 5 of the Realm of Zot
 64656 | Zot:5    | Noticed an orb of fire
 64980 | Zot:5    | Reached skill level 5 in Evocations
 65209 | Zot:5    | Noticed a dread lich
 65212 | Zot:5    | Noticed an orb of fire
 65212 | Zot:5    | Killed an ancient lich
 65214 | Zot:5    | Noticed an orb of fire
 65214 | Zot:5    | Noticed an orb of fire
 65214 | Zot:5    | Noticed an orb of fire
 65215 | Zot:5    | Gained mutation: You are occasionally teleported next to
                  | monsters. [an orb of fire]
 65218 | Zot:5    | Lost mutation: Your mind is acute. (Int +4, Str/Dex -1) [an
                  | orb of fire]
 65218 | Zot:5    | Gained mutation: You sometimes lose your temper in combat.
                  | [an orb of fire]
 65229 | Zot:5    | Killed an orb of fire
 65234 | Zot:5    | Killed an orb of fire
 65238 | Zot:5    | Killed an orb of fire
 65240 | Zot:5    | Gained mutation: You are often teleported next to monsters.
                  | [an orb of fire]
 65242 | Zot:5    | Killed an orb of fire
 65243 | Zot:5    | Lost mutation: You are often teleported next to monsters.
                  | [potion of mutation]
 65243 | Zot:5    | Lost mutation: You sometimes lose your temper in combat.
                  | [potion of mutation]
 65243 | Zot:5    | Lost mutation: You passively dampen the noise of your
                  | surroundings. [potion of mutation]
 65243 | Zot:5    | Gained mutation: You are frail. (-10% HP) [potion of
                  | mutation]
 65244 | Zot:5    | Lost mutation: You are frail. (-10% HP) [potion of
                  | mutation]
 65244 | Zot:5    | Lost mutation: You are occasionally teleported next to
                  | monsters. [potion of mutation]
 65244 | Zot:5    | Lost mutation: You have supernaturally acute eyesight.
                  | (SInv) [potion of mutation]
 65244 | Zot:5    | Gained mutation: Your muscles are strong. (Str +4, Int/Dex
                  | -1) [potion of mutation]
 65244 | Zot:5    | Gained mutation: You are strong-willed. (Will+) [potion of
                  | mutation]
 65313 | Zot:5    | Noticed an ancient lich
 65325 | Zot:5    | Reached skill level 10 in Evocations
 65349 | Zot:5    | Noticed an orb of fire
 65350 | Zot:5    | Killed an ancient lich
 65416 | Zot:5    | Reached skill level 15 in Air Magic
 65416 | Zot:5    | Noticed a dread lich
 65416 | Zot:5    | Gained mutation: You are clumsy. (Dex -2) [mutagenic glow]
 65428 | Zot:5    | Killed a dread lich
 65428 | Zot:5    | Gained mutation: Your spells are a little harder to cast,
                  | but a little more powerful. [mutagenic glow]
 65446 | Zot:5    | Gained mutation: You are frail. (-10% HP) [mutagenic glow]
 65454 | Zot:5    | Lost mutation: You are clumsy. (Dex -2) [potion of
                  | mutation]
 65454 | Zot:5    | Lost mutation: You are strong-willed. (Will+) [potion of
                  | mutation]
 65454 | Zot:5    | Gained mutation: Your body sometimes deteriorates upon
                  | taking damage. [potion of mutation]
 65454 | Zot:5    | Gained mutation: Your muscles are very strong. (Str +8,
                  | Int/Dex -2) [potion of mutation]
 65454 | Zot:5    | Gained mutation: You expend magic power (3 MP) to
                  | strengthen your wands. [potion of mutation]
 65455 | Zot:5    | Lost mutation: Your spells are a little harder to cast, but
                  | a little more powerful. [potion of mutation]
 65455 | Zot:5    | Lost mutation: Your body sometimes deteriorates upon taking
                  | damage. [potion of mutation]
 65455 | Zot:5    | Lost mutation: Your muscles are very strong. (Str +8,
                  | Int/Dex -2) [potion of mutation]
 65455 | Zot:5    | Gained mutation: You are somewhat resistant to further
                  | mutation. [potion of mutation]
 65456 | Zot:5    | Lost mutation: Your muscles are strong. (Str +4, Int/Dex
                  | -1) [potion of mutation]
 65456 | Zot:5    | Lost mutation: You are frail. (-10% HP) [potion of
                  | mutation]
 65456 | Zot:5    | Lost mutation: You expend magic power (3 MP) to strengthen
                  | your wands. [potion of mutation]
 65470 | Zot:5    | Got the Orb of Zot
 65478 | Zot:5    | Noticed a juggernaut
 65483 | Zot:5    | Killed a juggernaut
 65512 | Zot:5    | Noticed an orb of fire
 65528 | Zot:5    | Killed an orb of fire
 65737 | Zot:1    | Noticed Boatt the pandemonium lord
 66134 | D:$      | Escaped with the Orb!

Illustrated notes

Levels and vault maps discovered:
D:1:      mrwooster_arrival_arrow, layout_loops_ring, basic_ecumenical_altar
D:2:      layout_basic, serial_shops, nicolae_lakefront_shop, serial_bayou,
          serial_bayou_lagoon_a, serial_bayou_pond_e, serial_bayou_pond_d,
          serial_bayou_shore_a, minmay_misc_feat_tiny
D:3:      layout_loops_ring, old_standard_altar, uniq_terence
D:4:      layout_loops_ring, kennysheep_mini, serial_aquarium,
          aquarium_bridge_island_small [aquarium_subvault_small_open,
          aquarium_subvault_bridge, aquarium_subvault_bridge,
          aquarium_subvault_wall, aquarium_subvault_wall],
          aquarium_window_corridor_3, aquarium_window_corner, aquarium_window_2,
          aquarium_window_double, aquarium_view_2a, aquarium_view_2g,
          aquarium_balcony_5b, aquarium_pool_2, uniq_robin, uniq_pargi,
          uniq_menkaure
D:5:      layout_rooms, lemuel_temple_firewalk_a, serial_demonic,
          serial_demonic_f, serial_demonic_b, serial_demonic_d,
          serial_demonic_f, hellmonk_bongcloud_opening, uniq_pikel
D:6:      layout_gridville, gammafunk_ghost_hive, minmay_misc_feat_room,
          uniq_blork_the_orc, uniq_eustachio, uniq_maggie
D:7:      layout_rooms, grunt_temple_overflow_diamond, enter_ossuary_1,
          serial_corexii_hall, corexii_hall_statues_u, chequers_hall_statues_y,
          chequers_hall_statues_y, uniq_crazy_yiuf_cottage
D:8:      nicolae_cairo_tiling_large_dashed, layout_loops_ring, uniq_amaemon,
          uniq_joseph
D:9:      layout_long_grid, lair_entry_dummy, serial_shops,
          kennysheep_mini_moat, minmay_quadrilaterals
D:10:     lemuel_troll_bridge, layout_long_grid
D:11:     layout_layer_cave, nicolae_trove_entry_free_sample, special_room
          [special_room_orc]
D:12:     layout_gridville, orc_0_dummy, hangedman_decor_push
D:13:     layout_basic, ximxim_vaults_locker_room, nicolae_elemental_shop
D:14:     layout_roguey [special_room_mythical_zoo], serial_shops,
          nicolae_shop_hallway_plus, minmay_misc_feat_pillars, uniq_azrael,
          uniq_louise, uniq_rupert
D:15:     hangedman_depths_entry_try_elsewhere_first, layout_layer_cave,
          serial_shops, nicolae_shop_crystal, shop,
          nicolae_shop_window_shopping, nicolae_shop_advertising_works
          [nicolae_subvault_shop_adworks], nicolae_sextant, grunt_ministairs_13,
          st_stairs_10, nicolae_wu_jian_wuxing_cycle, uniq_roxanne
Temple:   sentei_temple_godly_chess
Lair:1:   layout_misc_corridors
Lair:2:   dragon1_lemuel, layout_loops_ring, wad_woods_road_03, st_stairs_9,
          uniq_erica, uniq_gastronok
Lair:3:   layout_concentric_octagons, elwin_shoals_entry_rooms,
          minmay_snake_entry_guardpost_small, st_stairs_10,
          chequers_serial_rivers_room_b, nzn_random_ring
Lair:4:   dreamdust_cave_troll, layout_cave_pods, minmay_slime_entry_pillars,
          serial_forest, infiniplex_forest_fountain,
          infiniplex_forest_clump_medium, infiniplex_forest_straight_2,
          infiniplex_forest_straight_4, infiniplex_forest_lined_3_way,
          infiniplex_forest_zigzag_2, infiniplex_forest_straight_3,
          infiniplex_forest_clump_tiny, uniq_urug
Lair:5:   hellmonk_lair_end_abyssal_woods, layout_cave_pods,
          gammafunk_lair_bear_cave, serial_bayou_shore_b
Shoals:1: layout_shoals, nicolae_shoals_water_shrine
Shoals:2: layout_shoals, portal_ice_cave_entry_pillars_1
Shoals:3: layout_shoals
Shoals:4: shoals_end_hellmonk_lost_city, serial_shops
Snake:1:  layout_concentric_octagons, serial_shops, shop,
          fake_guardian_serpent_vault, uniq_agnes, uniq_asterion, uniq_aizul
Snake:2:  layout_grid_shapes, grunt_megastairs_1
Snake:3:  layout_grid_shapes, serial_shops,
          nicolae_shop_temple_entry_statues_fountains, grunt_megastairs_4,
          uniq_vashnia, uniq_mlioglotl, uniq_bai_suzhen
Snake:4:  johnstein_snake_rune_scales, layout_misc_corridors, lemuel_fruit_tree,
          uniq_nikola
Orc:1:    layout_caves, uniq_snorg
Orc:2:    st_orc_ogre_mass, layout_caves, serial_shops, shop, shop
Elf:1:    nicolae_elf_arrival_aired_out, layout_rooms, serial_shops,
          nicolae_shop_waterfront, hangedman_elven_crosses_minicolossus
Elf:2:    elven_hall_of_blades_hangedman_alternative
          [nooodl_blade_entry_preview], layout_loops_corners, minmay_shop_star
Elf:3:    grunt_elf_hall_branching, layout_loops_ring, serial_shops,
          nicolae_shop_bloodbath_and_beyond, gammafunk_ghost_grave,
          minmay_misc_feat_diagonals
Vaults:1: vaults_dpeg_hooks, hangedman_vaults_restitches, v_alt_pattern_2,
          grunt_vaults_hallway_long, grunt_vaults_hallway_short,
          ontoclasm_vaults_idyll, ontoclasm_vaults_ring_square,
          nicolae_vaults_network_periphery, v_misc_23, hangedman_vaults_nails,
          nicolae_vaults_asterisk, layout_vaults_quadrants
Vaults:2: portal_desolation_entry_holy_temple, ontoclasm_vaults_loading_screen,
          v_pattern_2, minmay_crypt_entry_simple_sparse,
          grunt_vaults_hallway_long, hangedman_vaults_river_flow,
          vaults_standard_mumra_x, ontoclasm_vaults_twist,
          ontoclasm_vaults_ring_square, v_alt_pattern_2,
          nicolae_vaults_border_crossing, hangedman_vaults_impose,
          layout_vaults_ring
Vaults:3: grunt_vaults_swirl, ontoclasm_vaults_ring_square, vaults_dpeg_doors,
          vaults_standard_mumra_enter_the_diamond, v_misc_17,
          vaults_mumra_hexcomb, vaults_mumra_hex, v_misc_27, vaults_dpeg_ring,
          vaults_standard_mumra_lines, layout_vaults_big_room
Vaults:4: mu_enter_wizlab_4, ontoclasm_vaults_pinch, grunt_vaults_hallway_long,
          v_misc_30, v_misc_18, v_rooms_6, hangedman_vaults_stitches, v_misc_25,
          ontoclasm_vaults_misaligned, nicolae_vaults_network_s,
          nicolae_vaults_branching_niches, vaults_room_door_hall,
          layout_vaults_omnibox
Vaults:5
Crypt:1:  layout_gridlike, minmay_strange_pillars, grunt_crypt_arrival_split
Crypt:2:  layout_misc_corridors
Crypt:3:  church_of_pain_bobbens, layout_chaotic_city, tomb_entry_shell_bobbens,
          uniq_sojobo
Depths:1: layout_cave_pools, enter_ziggurat_b, hell_entry, abyss_entry_crystal,
          pan_entry, nrook_pool_corridor, kennysheep_generic_room_5
Depths:2: evilmike_marble_ring, layout_cave_pools, nicolae_figureground_pulse,
          hell_entry, rand_demon_pan_entry_8
Depths:3: nzn_winding_woodlands_small
          [nzn_winding_woodlands_5x15_pathside_ponds,
          nzn_winding_woodlands_center_lodge,
          nzn_winding_woodlands_5x15_pockets], layout_basic, serial_shops,
          bzr_entry_lakeside, infiniplex_staircase_door_maze,
          hangedman_geh_valley, abyss_entry, serial_bayou_shore_b,
          minmay_shop_grove
Depths:4: grunt_zot_entry_funnels, layout_small_grid, minmay_crystal_water,
          hell_entry, minmay_room_of_horrors, serial_shops, statue_bzr,
          nicolae_shop_trees, nicolae_square_shop, nicolae_shop_hallway_stairs,
          nicolae_transmutations_shop, uniq_jory
Zot:1:    layout_misc_corridors
Zot:2:    layout_twisted_circle
Zot:3:    layout_concentric_octagons
Zot:4:    layout_basic, uniq_josephina
Zot:5:    layout_gridlike

Skill      XL: |  1  2  3  4  5  6  7  8  9 10 11 12 13 14 15 16 17 18 19 20 21 22 23 24 25 26 27 |
---------------+----------------------------------------------------------------------------------+-----
Fighting       | 1 2 3 4 6 7 9 10 11 13 14 15 16 17 18 19 21 22 | 22.0
Hexes          | 1 |  1.2
Summonings     | 2 4 6 8 10 | 10.0
Dodging        | 3 4 6 7 9 10 11 13 14 15 16 17 18 19 | 19.0
Spellcasting   | 4 6 8 |  8.0
Fire Magic     | 1 3 4 |  4.0
Transmutations | 1 6 10 12 14 | 14.0
Air Magic      | 2 6 10 12 14 16 | 16.4
Unarmed Combat | 6 9 10 12 14 15 19 21 22 | 22.0
Translocations | 9 16 20 22 | 22.1
Evocations     | 10 | 10.0
Stealth        | |  2.6
Conjurations   | |  1.0

Action                     |  1- 3 |  4- 6 |  7- 9 | 10-12 | 13-15 | 16-18 | 19-21 | 22-24 | 25-27 || total
---------------------------+-------+-------+-------+-------+-------+-------+-------+-------+-------++-------
  Melee: Dagger            |    47 |    66 |    80 |    23 |       |       |       |       |       ||   216
         Constrict         |    13 |    15 |    15 |    10 |     7 |     1 |       |     2 |     4 ||    67
         Tentacles         |    10 |    11 |    17 |    17 |     8 |     1 |       |     2 |     4 ||    70
         Punch             |       |     3 |     1 |     2 |     4 |    35 |    66 |   149 |   160 ||   420
         Demon whip        |       |       |       |    25 |    25 |       |       |       |       ||    50
         Unarmed           |       |       |       |       |   148 |   428 |   806 |   806 |   949 ||  3137
         Staff             |       |       |       |       |       |     3 |       |     6 |     9 ||    18
  Throw: Javelin           |       |     2 |     4 |       |       |       |       |       |       ||     6
         Dart              |       |       |       |     1 |       |       |       |       |       ||     1
   Cast: Magic Dart        |    90 |    77 |    12 |       |       |       |       |       |       ||   179
         Call Imp          |     2 |    21 |    69 |    21 |       |       |       |       |       ||   113
         Slow              |     1 |     3 |     2 |       |       |       |       |       |       ||     6
         Blink             |       |     1 |       |       |     1 |       |       |       |       ||     2
         Scorch            |       |       |   161 |   212 |   241 |       |       |       |       ||   614
         Summon Cactus Gia |       |       |       |    36 |    98 |    18 |     6 |       |     6 ||   164
         Storm Form        |       |       |       |       |    29 |    47 |    85 |    57 |   113 ||   331
         Wereblood         |       |       |       |       |       |    25 |    39 |    33 |    49 ||   146
         Malign Gateway    |       |       |       |       |       |       |       |       |    17 ||    17
 Invoke: Potion Petition   |       |       |       |       |       |       |       |       |     6 ||     6
         Bribe Branch      |       |       |       |       |       |       |       |       |     2 ||     2
Ability: Blinkbolt         |       |       |       |       |    15 |    34 |    37 |    24 |    14 ||   124
  Evoke: Wand              |       |       |       |     2 |     7 |     2 |       |     1 |     3 ||    15
    Use: Scroll            |     3 |     8 |    10 |     8 |     6 |     6 |     8 |       |    12 ||    61
         Potion            |       |       |     2 |       |       |     7 |       |     3 |    11 ||    23
   Stab: Sleeping          |       |     1 |       |     1 |       |       |     1 |     1 |     2 ||     6
         Distracted        |       |     1 |     1 |       |     1 |     3 |    10 |     7 |     8 ||    31
         Invisible         |       |       |       |       |       |       |       |       |     1 ||     1
 Armour: Skin              |     2 |    25 |    23 |    19 |    37 |    93 |   198 |   160 |   204 ||   761
  Dodge: Dodged            |    23 |    71 |   120 |    91 |   295 |   525 |   847 |   748 |   921 ||  3641

Table legend: (Time is in decaauts)
 A = Elapsed time spent in this place.
 B = Non-inter-level travel time spent in this place.
 C = Inter-level travel time spent in this place.
 D = Time resting spent in this place.
 E = Time spent auto-exploring this place.
 F = Levels seen in this place.
 G = Mean time per level.
                   A        B        C        D        E       F      G
               +--------+--------+--------+--------+--------+-----+--------+
         Total |  65198 |  60030 |   5168 |   8086 |  34959 |  57 | 1143.8 |
       Dungeon |  20455 |  18107 |   2348 |   3674 |   9191 |  15 | 1363.7 |
        Temple |     20 |     20 |      0 |      0 |      0 |   1 |   20.0 |
          Lair |   7468 |   6821 |    647 |   1498 |   3090 |   5 | 1493.6 |
        Shoals |   3402 |   3252 |    150 |     20 |   2509 |   4 |  850.5 |
     Snake Pit |   4036 |   3882 |    154 |     50 |   2911 |   4 | 1009.0 |
  Orcish Mines |   1087 |    951 |    136 |      0 |    785 |   2 |  543.5 |
   Elven Halls |   4031 |   3876 |    155 |    847 |   1836 |   3 | 1343.7 |
        Vaults |   7648 |   7200 |    448 |    347 |   5443 |   5 | 1529.6 |
         Crypt |   3650 |   3508 |    142 |    429 |   2209 |   3 | 1216.7 |
        Depths |   4635 |   4291 |    344 |    218 |   3125 |   4 | 1158.8 |
           Zot |   5772 |   5131 |    641 |    742 |   2580 |   5 | 1154.4 |
        Bazaar |     68 |     68 |      0 |      0 |     60 |   1 |   68.0 |
         Trove |    127 |    127 |      0 |      0 |     24 |   1 |  127.0 |
       Ossuary |    595 |    595 |      0 |    228 |     22 |   1 |  595.0 |
      Ice Cave |    732 |    732 |      0 |      5 |    480 |   1 |  732.0 |
        Wizlab |    427 |    427 |      0 |     27 |      0 |   1 |  427.0 |
    Desolation |   1037 |   1037 |      0 |      0 |    694 |   1 | 1037.0 |
               +--------+--------+--------+--------+--------+-----+--------+

Top non-repeatable levels by time:
     D:4: 2380 daAuts
  Lair:5: 2136 daAuts
   Elf:3: 1810 daAuts
  Lair:3: 1742 daAuts
    D:15: 1736 daAuts
Vaults:1: 1689 daAuts
   Zot:4: 1682 daAuts
Vaults:2: 1670 daAuts
 Crypt:3: 1657 daAuts
     D:1: 1628 daAuts
Vaults:5: 1563 daAuts
Depths:4: 1526 daAuts
     D:9: 1523 daAuts
     D:5: 1467 daAuts
Depths:3: 1451 daAuts
